 Dungeon Crawl Stone Soup version 0.26.1-11-gd32895ea62 (webtiles) character file.

Game seed: 3303036436670392750

96 pascalblue the Chiller (level 4, -4/24 HPs)
             Began as a Deep Elf Ice Elementalist on Apr 17, 2021.
             Slain by a gnoll
             ... wielding a +0 spear
              (10 damage)
             ... on level 3 of the Dungeon.
             The game lasted 00:05:59 (2101 turns).

pascalblue the Chiller (Deep Elf Ice Elementalist)  Turns: 2101, Time: 00:06:00

Health: -4/24      AC:  3    Str:  5    XL:     4   Next: 41%
Magic:  7/12       EV: 13    Int: 21    God:
Gold:   126        SH:  0    Dex: 15    Spells: 10/11 levels left

rFire    + . .     SeeInvis .   n - +5 hunting sling
rCold    + . .     Faith    .   (no shield)
rNeg     . . .     Spirit   .   a - +0 robe
rPois    .         Reflect  .   (no helmet)
rElec    .         Harm     .   l - scarf {rC+ rF+}
rCorr    .         Rampage  .   e - +0 pair of gloves
Will     .....                  (no boots)
Stlth    ++........             (no amulet)
HPRegen  0.08/turn              (no ring)
MPRegen  0.13/turn              (no ring)

@: no status effects
A: no striking features
a: no special abilities


You were on level 3 of the Dungeon.
You visited 1 branch of the dungeon, and saw 4 of its levels.

You collected 126 gold pieces.

Inventory:

Hand Weapons
 f - a +0 dagger
 j - a cursed -1 dagger
 n - a +5 hunting sling (weapon)
Missiles
 k - 33 poisoned darts
 o - 77 stones (quivered ammo)
Armour
 a - a +0 robe (worn)
 e - a +0 pair of gloves (worn)
 l - a scarf of resistance (worn)
 m - a +0 cloak
Jewellery
 p - an uncursed ring of see invisible {unknown}
Wands
 i - a wand of polymorph (6)
Scrolls
 b - 2 scrolls of magic mapping {unknown}
 c - a scroll of teleportation
 q - a scroll of identify
Potions
 d - a potion of lignification {unknown}
 h - a potion of brilliance {unknown}


   Skills:
 - Level 3.0 Dodging
 - Level 2.4 Stealth
 + Level 4.2 Spellcasting
 * Level 5.7 Ice Magic


You had 10 spell levels left.
You knew the following spells:

 Your Spells              Type           Power        Failure   Level
a - Freeze                Ice            100%         1%          1

Your spell library contained the following spells:

 Spells                   Type           Power        Failure   Level
 Frozen Ramparts          Ice            56%          3%          3
 Ozocubu's Armour         Ice            28%          3%          3
 Hailstorm                Conj/Ice       16%          34%         4
 Summon Ice Beast         Ice/Summ       16%          34%         4


Dungeon Overview and Level Annotations

Branches:
Dungeon (4/15)
 Temple: D:4-7

Altars:


Message History

The gnoll hits you from afar with a +0 spear!
* * * LOW HITPOINT WARNING * * *
You see here a stone.
You feel better.
The gnoll hits you from afar with a +0 spear!
* * * LOW HITPOINT WARNING * * *
You feel better.
The gnoll hits you from afar with a +0 spear!
* * * LOW HITPOINT WARNING * * *
Casting: Freeze (safe; 1% risk of failure)
Confirm with . or Enter, or press ? or * to list all spells.
You can't see any susceptible monsters within range! (Use Z to cast anyway.) Unknown command.
Fire: 78 stones
Press: ? - help, Q - select action, (/) - cycle Shift-Dir - straight line, f - gnoll
Aim: a gnoll, wielding a +0 spear (68% to hit)
You shoot a stone. The stone hits the gnoll.
The gnoll is heavily wounded.
The gnoll hits you from afar with a +0 spear!
You die...

### ... ..#
#.# #.# #.#
# #.# #.#
#@# ....
#.# ...g.
#g#
......###g#
......g(.g#
#.##...####
#..$...
#..#(#. #.
#.#.


You could see 3 gnolls.

Vanquished Creatures
  A gnoll (D:3)
  A howler monkey skeleton (D:4)
  An adder (D:2)
  An ooze (D:2)
  A worm (D:2)
  2 dart slugs (D:2)
  3 leopard geckos (D:1)
  2 ball pythons (D:1)
  2 bats
  3 giant cockroaches
  6 goblins
  5 hobgoblins
  6 jackals
  3 kobolds
  A quokka (D:2)
  A ball python skeleton (D:4)
  6 frilled lizards
  5 rats
50 creatures vanquished.

Notes
Turn   | Place    | Note
-------+----------+-------------------------------------------
     0 | D:1      | pascalblue the Deep Elf Ice Elementalist began the quest
                  | for the Orb.
     0 | D:1      | Reached XP level 1. HP: 10/10 MP: 6/6
   213 | D:1      | Reached XP level 2. HP: 15/15 MP: 6/8
   848 | D:1      | Reached skill level 5 in Ice Magic
  1040 | D:2      | Reached XP level 3. HP: 18/19 MP: 7/10
  1909 | D:2      | Reached XP level 4. HP: 24/24 MP: 10/12
  1952 | D:2      | You fall into a shaft and drop 2 floors!
  2101 | D:3      | Slain by a gnoll

Illustrated notes

Levels and vault maps discovered:
D:1:      mainiacjoe_arrival_reflecting_pool, layout_basic, minmay_hedge_maze
D:2:      layout_basic
D:3:      layout_basic, marbit_many_paths
D:4:      layout_gridville, overflow_temple_1_default,
          minmay_temple_entry_offerings, makhleb_altar_promises_db

Skill      XL: |  1  2  3 |
---------------+----------+-----
Dodging        | 3 |  3.0
Ice Magic      | 5 |  5.7
Spellcasting   | 4 |  4.2
Stealth        | |  2.4

Action                   |  1- 3 |  4- 6 || total
-------------------------+-------+-------++-------
Melee: Dagger            |     2 |       ||     2
 Fire: Hunting sling     |     4 |    11 ||    15
 Cast: Freeze            |    63 |    10 ||    73
  Use: Scroll            |     6 |       ||     6
       Potion            |       |     2 ||     2
Armor: Robe              |     8 |     3 ||    11
Dodge: Dodged            |    27 |    13 ||    40
